 Dungeon Crawl Stone Soup version 0.28.0-43-g3370ac3207 (webtiles) character file.

Game seed: 14803343098143241405

2652 experimilk the Tainter (level 9, -8/62 HPs)
             Began as a Grey Draconian Venom Mage on Mar 11, 2022.
             Was a Priest of Nemelex Xobeh.
             Mangled by a red ugly thing (19 damage)
             ... on level 8 of the Dungeon.
             The game lasted 00:40:56 (10860 turns).

experimilk the Tainter (Grey Draconian Venom Mage) Turns: 10860, Time: 00:41:02

Health: -8/62      AC: 15    Str: 10    XL:     9   Next: 36%
Magic:  8/15       EV: 13    Int: 20    God:    Nemelex Xobeh [***...]
Gold:   415        SH:  0    Dex: 12    Spells: 2/17 levels left

rFire   . . .      SeeInvis .   m - +2 flail (holy)
rCold   . . .      Faith    .   l - orb {light}
rNeg    . . .      Spirit   .   (armour unavailable)
rPois   .          Reflect  .   (helmet restricted)
rElec   .          Harm     .   p - scarf {repulsion}
rCorr   .          Rampage  .   u - +2 pair of gloves
Will    .....                   (no boots)
Stlth   +.........              c - amulet of magic regeneration
HPRegen 0.20/turn               (no ring)
MPRegen 0.54/turn               (no ring)

@: about to teleport, glowing, repel missiles
A: AC +12, amphibious, unfitting armour, cold-blooded
a: Renounce Religion, Draw Escape, Draw Destruction, Draw Summoning, Triple Draw


You were on level 8 of the Dungeon.
You worshipped Nemelex Xobeh.
Nemelex Xobeh was most pleased with you.
You visited 1 branch of the dungeon, and saw 8 of its levels.
You also visited: Sewer.

You collected 415 gold pieces.

Inventory:

Hand Weapons
 a - a +0 club
 i - a +0 mace
 m - a +2 flail of holy wrath (weapon)
 q - the +10 hand axe of Goaxt {flame, rC+}
   (You found it on level 4 of the Dungeon)

   It burns those it strikes, dealing additional fire damage.
   Big, fiery blades are also staple armaments of hydra-hunters.
   rC:        It protects you from cold.
 t - a +5 flail of venom
Armour
 l - an orb of light (worn)
 p - a scarf of repulsion (worn)
 u - a +2 pair of gloves (worn)
Jewellery
 c - an amulet of magic regeneration (around neck)
Wands
 w - a wand of flame (10)
 y - a wand of iceblast (6)
 A - a wand of paralysis (17)
Scrolls
 b - a scroll of magic mapping
 e - a scroll of holy word {unknown}
 g - a scroll of fear {unknown}
 j - 2 scrolls of amnesia
 k - a scroll of fog {unknown}
 n - a scroll of summoning {unknown}
 o - a scroll of vulnerability
 z - a scroll of silence {unknown}
 B - a scroll of teleportation
 D - a scroll of torment {unknown}
 E - a scroll of brand weapon {unknown}
Potions
 d - 5 potions of might
 f - 4 potions of cancellation
 h - 2 potions of resistance {unknown}
 r - a potion of curing
 s - a potion of brilliance {unknown}
 v - 3 potions of heal wounds
 x - a potion of degeneration {unknown}
 C - a potion of attraction {unknown}
 F - a potion of magic {unknown}


   Skills:
 + Level 4.5 Dodging
 - Level 1.7 Stealth
 + Level 4.5 Spellcasting
 - Level 3.0 Conjurations
 - Level 1.0 Transmutations
 + Level 4.1 Earth Magic
 * Level 10.4 Poison Magic


You had 2 spell levels left.
You knew the following spells:

 Your Spells              Type           Power      Damage    Failure   Level
a - Sting                 Tmut/Pois      100%       1d8       1%          1
b - Poisonous Vapours     Pois/Air       50%        N/A       2%          2
c - Mephitic Cloud        Conj/Pois/Air  22%        N/A       6%          3
d - Passwall              Tmut/Erth      11%        N/A       6%          2
e - Olgreb's Toxic Radia  Pois           46%        N/A       1%          4
f - Stone Arrow           Conj/Erth      36%        3d9       9%          3

Your spell library contained the following spells:

 Spells                   Type           Power      Damage    Failure   Level
 Sandblast                Erth           42%        2d11      2%          1
 Airstrike                Air            2%         N/A       77%         4
 Summon Lightning Spire   Summ/Air       4%         N/A       77%         4
 Lightning Bolt           Conj/Air       5%         1d17      88%         5


Dungeon Overview and Level Annotations

Branches:
Dungeon (8/15)             Temple (0/1) D:7           Sewer (visited)
   Lair: D:8-11

Altars:
Ashenzari
Elyvilon
Gozag
Kikubaaqudgha
Nemelex Xobeh
Okawaru
Uskayaw
Xom
Yredelemnul
Zin
The Shining One

Annotations:
D:5 1 runed translucent door, Crazy Yiuf


Innate Abilities, Weirdness & Mutations

Your dull iron-grey scales are very hard. (AC +12)
You are amphibious.
You cannot fit into any form of body armour.
You are cold-blooded and may be slowed by cold attacks.


Message History

Press: ? - help, Shift-Dir - straight line, f/p - red ugly thing
Aim: a red ugly thing (lightly wounded, very poisoned, haloed, 84% to hit)
The sting hits the red ugly thing!
The red ugly thing looks even sicker.
The red ugly thing is lightly wounded.
The red ugly thing bites you but does no damage.
Unknown command.
Casting: Sting (safe; 1% risk of failure)
Confirm with . or Enter, or press ? or * to list all spells.
Aiming: Sting (safe; 1% risk of failure)
Press: ? - help, Shift-Dir - straight line, f/p - red ugly thing
Aim: a red ugly thing (lightly wounded, very poisoned, haloed, 84% to hit)
The sting hits the red ugly thing but does no damage.
The red ugly thing looks as sick as possible!
The red ugly thing is lightly wounded.
The red ugly thing bites you but does no damage.
Casting: Sting (safe; 1% risk of failure)
Confirm with . or Enter, or press ? or * to list all spells.
Okay, then.
Casting: Sting (safe; 1% risk of failure)
Confirm with . or Enter, or press ? or * to list all spells.
Aiming: Stone Arrow (dangerous; 9% risk of failure)
Press: ? - help, Shift-Dir - straight line, f/p - red ugly thing
Aim: a red ugly thing (moderately wounded, extremely poisoned, haloed, 79% to hit)
The stone arrow misses the red ugly thing.
The red ugly thing bites you!
You are engulfed in flames!
Casting: Stone Arrow (dangerous; 9% risk of failure)
Confirm with . or Enter, or press ? or * to list all spells.
Aiming: Stone Arrow (dangerous; 9% risk of failure)
Press: ? - help, Shift-Dir - straight line, f/p - red ugly thing
Aim: a red ugly thing (moderately wounded, extremely poisoned, haloed, 79% to hit)
The stone arrow hits the red ugly thing!!
The red ugly thing is heavily wounded.
The red ugly thing bites you.
You are engulfed in flames!
As you read the scroll labelled GYIROU DUF RAA, it crumbles to dust.
You feel strangely unstable.
It was a scroll of teleportation.
The red ugly thing bites you!
* * * LOW HITPOINT WARNING * * *
You are engulfed in flames!!
You die...
Your body disappears without additional glow.

# #...# # ###...###
#####.......########
....................
..###.......########
.................#
..#####...######.#
### #.### #.# #.#
#@#
#..........u.....#
########...####.
###.# .# .# #


You could see a red ugly thing (extremely poisoned).

Vanquished Creatures
  Edmund (D:5)
  2 sky beasts
  An orc warrior (D:6)
  An ice beast (D:8)
  4 ogres
  2 scorpions
  A water moccasin zombie (D:6)
  A water moccasin skeleton (D:5)
  12 killer bees (D:8)
  8 hounds
  5 orc priests
  A bullfrog skeleton (D:6)
  3 jellies (Sewer)
  A centaur skeleton (D:4)
  A scorpion zombie (D:5)
  2 orc wizards (D:6)
  A hound skeleton (D:5)
  A howler monkey zombie (D:8)
  A howler monkey skeleton (D:7)
  9 adders
  2 river rats (Sewer)
  A white imp (D:6)
  An ufetubus (D:5)
  A worm (D:2)
  A dart slug (D:2)
  23 orcs
  6 ball pythons
  14 endoplasms
  2 giant cockroaches
  6 goblins
  6 hobgoblins
  8 jackals
  9 kobolds
  8 quokkas
  5 bats
  A frilled lizard (D:1)
  6 rats
  A spectral hobgoblin (D:1)
159 creatures vanquished.

Vanquished Creatures (collateral kills)
  4 wights (D:6)
  2 adders (Sewer)
  A white imp (D:6)
  A worm (D:6)
  2 endoplasms (Sewer)
10 creatures vanquished.

Grand Total: 169 creatures vanquished

Notes
Turn   | Place    | Note
-------+----------+-------------------------------------------
     0 | D:1      | experimilk the Draconian Venom Mage began the quest for the
                  | Orb.
     0 | D:1      | Reached XP level 1. HP: 14/14 MP: 3/3
   713 | D:1      | Reached XP level 2. HP: 19/20 MP: 0/5
  1410 | D:1      | Learned a level 2 spell: Poisonous Vapours
  1464 | D:1      | Found a faded altar of an unknown god.
  1779 | D:2      | Reached skill level 4 in Poison Magic
  2124 | D:2      | Reached XP level 3. HP: 26/26 MP: 3/6
  2238 | D:2      | Learned a level 3 spell: Mephitic Cloud
  3161 | D:2      | Reached skill level 5 in Poison Magic
  3161 | D:2      | Reached XP level 4. HP: 25/33 MP: 0/7
  3367 | D:2      | Found a sparkling altar of Nemelex Xobeh.
  3819 | D:2      | Became a worshipper of Nemelex Xobeh the Trickster
  4915 | D:4      | Noticed a scorpion
  4921 | D:4      | Killed a scorpion
  4922 | D:4      | Reached skill level 6 in Poison Magic
  4922 | D:4      | Reached XP level 5. HP: 38/38 MP: 4/8
  5264 | D:4      | Noticed an ogre
  5299 | D:4      | Killed an ogre
  5300 | D:4      | Reached skill level 1 in Conjurations
  5300 | D:4      | Reached XP level 6. HP: 35/45 MP: 9/9
  5394 | D:4      | Reached * piety under Nemelex Xobeh
  5394 | D:4      | Received a gift from Nemelex Xobeh
  5557 | D:4      | Identified the +10 hand axe of Goaxt {flame, rC+}
  5831 | D:5      | Entered Level 5 of the Dungeon
  6073 | D:5      | Noticed Edmund
  6084 | D:5      | Killed Edmund
  6085 | D:5      | Your scales start taking on a dull iron-grey colour.
  6085 | D:5      | Reached XP level 7. HP: 14/50 MP: 4/11
  6093 | D:5      | HP: 2/50 [poisoned by Edmund]
  6667 | D:5      | Reached skill level 7 in Poison Magic
  6787 | D:5      | Found a basalt altar of Yredelemnul.
  6792 | D:5      | Found a glowing silver altar of Zin.
  6928 | D:5      | Found a runed translucent door.
  6929 | D:5      | Noticed Crazy Yiuf
  7169 | D:5      | Learned a level 2 spell: Passwall
  7174 | D:5      | Learned a level 4 spell: Olgreb's Toxic Radiance
  7534 | D:6      | Reached skill level 8 in Poison Magic
  7573 | D:6      | Reached XP level 8. HP: 50/57 MP: 12/12
  7580 | D:6      | Found a glowing drain.
  7591 | Sewer    | Entered a sewer
  8003 | Sewer    | Reached skill level 9 in Poison Magic
  8280 | Sewer    | Reached skill level 1 in Earth Magic
  8287 | Sewer    | Found a viscous altar of Jiyva.
  8877 | D:6      | Reached ** piety under Nemelex Xobeh
  9909 | D:7      | Found an iron altar of Okawaru.
 10151 | D:7      | Found a staircase to the Ecumenical Temple.
 10426 | D:8      | Reached XP level 9. HP: 62/62 MP: 8/15
 10542 | D:8      | Found a sparkling altar of Nemelex Xobeh.
 10542 | D:8      | Found a shimmering altar of Xom.
 10544 | D:8      | Found a glowing golden altar of the Shining One.
 10544 | D:8      | Found an opulent altar of Gozag.
 10544 | D:8      | Found a broken altar of Ashenzari.
 10546 | D:8      | Found an ancient bone altar of Kikubaaqudgha.
 10546 | D:8      | Found a hide-covered altar of Uskayaw.
 10547 | D:8      | Found a white marble altar of Elyvilon.
 10550 | D:8      | Received a gift from Nemelex Xobeh
 10558 | D:8      | Reached skill level 10 in Poison Magic
 10591 | D:8      | Reached *** piety under Nemelex Xobeh
 10838 | D:8      | Learned a level 3 spell: Stone Arrow
 10853 | D:8      | Noticed a red ugly thing
 10860 | D:8      | Mangled by a red ugly thing

Illustrated notes

Levels and vault maps discovered:
D:1:      nicolae_arrival_somewhat_less_tricky_arrival, layout_basic,
          dreamdust_ecumenical_altar_drowned_temple, minivault_24
D:2:      layout_basic, basic_altar, kennysheep_flooded_box
D:3:      minmay_diamond_boxcup, layout_loops_ring, minmay_box_of_dots
D:4:      layout_basic, kennysheep_diamond
D:5:      layout_rooms, mainiacjoe_overflow_tiny_flanked,
          mainiacjoe_overflow_alcove_2, minmay_crystal_room, uniq_edmund,
          uniq_crazy_yiuf_cottage
D:6:      layout_layer_cave, cheibrodos_sewer_entry_drain
D:7:      layout_cave_pools, amcnicky_altar_gilded, minmay_temple_entry_trees
D:8:      kennysheep_kobold_camp, layout_loops_ring, grunt_temple_overflow_open

Skill      XL: |  1  2  3  4  5  6  7  8  9 |
---------------+----------------------------+-----
Poison Magic   | 4 5 6 8 9 10 | 10.4
Dodging        | 2 3 4 |  4.5
Conjurations   | 1 2 3 |  3.0
Spellcasting   | 3 4 |  4.5
Earth Magic    | 3 4 |  4.1
Stealth        | |  1.7
Transmutations | |  1.0

Action                   |  1- 3 |  4- 6 |  7- 9 || total
-------------------------+-------+-------+-------++-------
Melee: Club              |    30 |       |       ||    30
       Mace              |       |    15 |       ||    15
       Tailslap          |       |     1 |     6 ||     7
       Flail             |       |     2 |    55 ||    57
       Hand axe          |       |     9 |     1 ||    10
 Cast: Sting             |    47 |    57 |   125 ||   229
       Poisonous Vapours |    31 |    39 |    37 ||   107
       Olgreb's Toxic Ra |       |       |    12 ||    12
       Mephitic Cloud    |       |       |     5 ||     5
       Stone Arrow       |       |       |     2 ||     2
Invok: Draw Destruction  |       |     2 |     3 ||     5
       Draw Summoning    |       |       |     3 ||     3
  Use: Scroll            |       |     2 |     6 ||     8
 Stab: Sleeping          |       |     2 |       ||     2
       Petrified         |       |       |     1 ||     1
Armor: Skin              |    15 |    16 |    70 ||   101
Dodge: Dodged            |    37 |    34 |    84 ||   155
       Repelled          |       |       |     1 ||     1
